Sharks vs Flyers

Created - March 3 2012 at 11:52

Goals
1 2 3 T
Sharks 2 2 1 5
Flyers 0 0 2 2
Shots
1 2 3 T
Sharks 9 7 9 25
Flyers 7 9 11 27

Period #1

1. Sharks , Shane Doan 21 (Marc Savard) at 10:36
2. Sharks , Vladimir Sobotka 6 (Johnny Boychuk, David Moss) at 18:57

Penalties :
Johnny Boychuk (SJS) for Hooking (Minor) at 0:28, Pascal Dupuis (PHI) for Hooking (Minor) at 2:33, David Moss (SJS) for Slashing (Minor) at 4:54, Tim Connolly (PHI) for Hooking (Minor) at 5:36, Ladislav Smid (PHI) for Hooking (Minor) at 11:16, Vladimir Sobotka (SJS) for Tripping (Minor) at 11:16, Pascal Dupuis (PHI) for Interference (Minor) at 13:31, Bryan McCabe (SJS) for Cross-checking (Minor) at 16:31

Period #2

3. Sharks , Shane Doan 22 (Mike Ribeiro, Ryan Malone) at 0:21
4. Sharks , Marc Savard 4 (Matt Niskanen, Vladimir Sobotka) at 18:35

Penalties :
Johnny Boychuk (SJS) for Slashing (Minor) at 1:16, Vladimir Sobotka (SJS) for Hooking (Minor) at 3:40, Matt Niskanen (SJS) for Holding (Minor) at 6:01, Pascal Dupuis (PHI) for Hooking (Minor) at 8:12, Mark Stuart (SJS) for Hooking (Minor) at 11:57, Ladislav Smid (PHI) for Slashing (Minor) at 16:23, Chris Pronger (PHI) for Roughing (Minor) at 19:35, David Moss (SJS) for Hooking (Minor) at 19:35

Period #3

5. Sharks , Johan Franzen 26 (Alex Tanguay, Andrew Ference) at 1:56 (PP)
6. Flyers , Rostislav Klesla 13 (Brendan Morrison, Ilya Kovalchuk) at 8:29
7. Flyers , Ilya Kovalchuk 21 (Matt DAgostini, Brendan Morrison) at 17:06

Penalties :
Justin Williams (PHI) for High sticking (Minor) at 0:51

Goalie Stats

Brian Elliott (SJS), 25 saves from 27 shots - (0.926), W, 17-18-3, 60:00 minutes
Al Montoya (PHI), 8 saves from 9 shots - (0.889), 21:25 minutes
Tomas Vokoun (PHI), 12 saves from 16 shots - (0.750), L, 27-21-7, 38:35 minutes

Players Stats

Sharks
Player Name              G  A  P  +/- PIM S  H  SB FO    MP 
------------------------------------------------------------
Alex Tanguay             0  1  1  -1  0   2  0  0  0/1   15 
Andrew Ference           0  1  1  -1  0   0  0  2  0/0   22 
Bryan McCabe             0  0  0  -1  2   1  0  2  0/0   21 
David Moss               0  1  1   2  4   0  1  1  0/0   12 
Eric Belanger            0  0  0  -1  0   2  0  0  10/22 17 
Ian White                0  0  0   0  0   0  0  0  0/0   23 
Jannik Hansen            0  0  0  -1  0   0  1  0  0/0   8  
Jason Arnott             0  0  0  -1  0   2  0  0  12/22 18 
Johan Franzen            1  0  1  -1  0   4  1  0  1/1   17 
Johnny Boychuk           0  1  1   4  4   1  1  0  0/0   21 
Lauri Korpikoski         0  0  0  -1  0   0  0  0  0/0   14 
Marc Savard              1  1  2   3  0   2  0  0  10/17 11 
Mark Stuart              0  0  0  -1  2   0  0  0  0/0   15 
Matt Niskanen            0  1  1   3  2   0  1  0  0/0   12 
Mike Ribeiro             0  1  1   1  0   2  0  0  11/22 17 
Ryan Malone              0  1  1   1  0   1  0  0  0/0   9  
Shane Doan               2  0  2   2  0   4  2  0  0/0   17 
Vladimir Sobotka         1  1  2   3  4   4  1  0  0/1   11 
Flyers
Player Name              G  A  P  +/- PIM S  H  SB FO    MP 
------------------------------------------------------------
Andreas Lilja            0  0  0  -1  0   0  1  3  0/0   17 
Brad Boyes               0  0  0  -1  0   4  0  0  0/0   17 
Brendan Morrison         0  2  2   0  0   3  1  0  14/23 15 
Chris Pronger            0  0  0  -1  2   2  2  0  0/0   22 
David Steckel            0  0  0   0  0   0  1  0  2/4   10 
Dustin Penner            0  0  0  -1  0   1  1  0  0/0   11 
Ilya Kovalchuk           1  1  2   0  0   6  0  0  1/3   16 
John Madden              0  0  0   0  0   1  0  1  4/13  9  
Justin Williams          0  0  0  -1  2   3  0  0  1/3   18 
Ladislav Smid            0  0  0   0  4   1  0  1  0/0   20 
Marc-Andre Bergeron      0  0  0  -1  0   0  2  0  0/0   18 
Matt DAgostini           0  1  1   1  0   0  0  0  0/0   6  
Mike Santorelli          0  0  0  -1  0   0  0  0  6/14  16 
Nikolai Kulemin          0  0  0   0  0   2  2  0  1/4   18 
Pascal Dupuis            0  0  0  -1  6   2  5  0  1/1   13 
Randy Jones              0  0  0  -1  0   1  0  0  0/0   19 
Rostislav Klesla         1  0  1  -1  0   1  0  2  0/0   22 
Tim Connolly             0  0  0  -1  2   0  1  0  12/21 17 

3 Stars

1 - Shane Doan (SJS)
2 - Marc Savard (SJS)
3 - Vladimir Sobotka (SJS)

Power Play

Sharks - 1 on 6 Attempt(s) - 16.67%
Flyers - 0 on 7 Attempt(s) - 0.00%

Penalty Kill

Sharks - 7 on 7 Attempt(s) - 100.00% - Score 0 goal in Penalty Kill
Flyers - 5 on 6 Attempt(s) - 83.33% - Score 0 goal in Penalty Kill

Game Notes

Al Montoya enters game at 18:35 of 2nd period

Finance

Level 1 -- Attendance: 4651 (71.55%) -- Ticket Income $441,845.00
Level 2 -- Attendance: 3723 (74.46%) -- Ticket Income $201,042.00
Level 3 -- Attendance: 2711 (77.46%) -- Ticket Income $94,885.00
Level 4 -- Attendance: 2540 (71.81%) -- Ticket Income $38,100.00
Luxury Box -- Attendance: 850 (85.00%) -- Ticket Income $163,200.00
Game was played at the Wells Fargo Center
Total Attendance: 14475 (74.09%)
Total Ticket Income: $949,650.00
Other Income: $217,991.10
Total Income: $1,167,641.00


Play by Play

Period #1

0:01 of 1st period - Ilya Kovalchuk wins face-off versus Mike Ribeiro in neutral zone.
0:01 of 1st period - Brendan Morrison is hit by Shane Doan and loses puck.
0:28 of 1st period - Minor Penalty to Johnny Boychuk for Hooking.
0:29 of 1st period - Eric Belanger wins face-off versus Tim Connolly in Sharks zone.
1:29 of 1st period - Shot by Ilya Kovalchuk.
1:29 of 1st period - Shot Misses the Net.
1:31 of 1st period - Shot by Marc-Andre Bergeron.
1:31 of 1st period - Shot Misses the Net.
1:33 of 1st period - Shot by Brendan Morrison.
1:33 of 1st period - Stopped by Brian Elliott without a rebound.
1:34 of 1st period - Brendan Morrison wins face-off versus Eric Belanger in Sharks zone.
1:43 of 1st period - Shot by Ilya Kovalchuk.
1:43 of 1st period - Stopped by Brian Elliott without a rebound.
1:44 of 1st period - Brendan Morrison wins face-off versus Eric Belanger in Sharks zone.
2:02 of 1st period - Shot by Brendan Morrison.
2:02 of 1st period - Shot Blocked by Bryan McCabe.
2:08 of 1st period - Shot by Chris Pronger.
2:08 of 1st period - Stopped by Brian Elliott without a rebound.
2:09 of 1st period - Mike Ribeiro wins face-off versus Tim Connolly in Sharks zone.
2:32 of 1st period - Shot by Justin Williams.
2:32 of 1st period - Shot Misses the Net.
2:33 of 1st period - Minor Penalty to Pascal Dupuis for Hooking.
2:34 of 1st period - Jason Arnott wins face-off versus Mike Santorelli in Flyers zone.
2:37 of 1st period - Shot by Johan Franzen.
2:37 of 1st period - Shot Hit the Post.
2:39 of 1st period - Shot by Bryan McCabe.
2:39 of 1st period - Stopped by Tomas Vokoun without a rebound.
2:40 of 1st period - John Madden wins face-off versus Jason Arnott in Flyers zone.
3:12 of 1st period - Icing by Andrew Ference.
3:13 of 1st period - Jason Arnott wins face-off versus Mike Santorelli in Sharks zone.
4:36 of 1st period - Shot by Marc Savard.
4:36 of 1st period - Stopped by Tomas Vokoun without a rebound.
4:37 of 1st period - Tim Connolly wins face-off versus Marc Savard in Flyers zone.
4:53 of 1st period - Tim Connolly is hit by David Moss and loses puck.
4:54 of 1st period - Minor Penalty to David Moss for Slashing.
4:55 of 1st period - Brendan Morrison wins face-off versus Eric Belanger in Sharks zone.
4:56 of 1st period - Shot by Chris Pronger.
4:56 of 1st period - Shot Misses the Net.
5:08 of 1st period - Lauri Korpikoski is hit by Brendan Morrison and loses puck.
5:36 of 1st period - Minor Penalty to Tim Connolly for Hooking.
5:37 of 1st period - Justin Williams wins face-off versus Jason Arnott in Flyers zone.
5:53 of 1st period - Shot by Johan Franzen.
5:53 of 1st period - Shot Misses the Net.
6:00 of 1st period - Icing by Ladislav Smid.
6:01 of 1st period - David Steckel wins face-off versus Mike Ribeiro in Flyers zone.
6:22 of 1st period - Icing by Rostislav Klesla.
6:23 of 1st period - David Steckel wins face-off versus Jason Arnott in Flyers zone.
6:58 of 1st period - Shot by Shane Doan.
6:58 of 1st period - Stopped by Tomas Vokoun with a rebound.
8:32 of 1st period - Shot by Justin Williams.
8:32 of 1st period - Stopped by Brian Elliott with a rebound.
9:28 of 1st period - Shot by Ryan Malone.
9:28 of 1st period - Stopped by Tomas Vokoun with a rebound.
9:42 of 1st period - David Moss is hit by Pascal Dupuis and loses puck.
10:32 of 1st period - Shot by Mike Ribeiro.
10:32 of 1st period - Stopped by Tomas Vokoun without a rebound.
10:33 of 1st period - Marc Savard wins face-off versus Brendan Morrison in Flyers zone.
10:36 of 1st period - Shot by Shane Doan.
10:36 of 1st period - Goal by Shane Doan - Sharks : 1 - Flyers : 0.
10:37 of 1st period - Brendan Morrison wins face-off versus Marc Savard in neutral zone.
10:51 of 1st period - Icing by Marc Savard.
10:52 of 1st period - Tim Connolly wins face-off versus Vladimir Sobotka in Sharks zone.
11:16 of 1st period - Minor Penalty to Ladislav Smid for Hooking.
11:16 of 1st period - Minor Penalty to Vladimir Sobotka for Tripping.
11:17 of 1st period - Jason Arnott wins face-off versus Nikolai Kulemin in Flyers zone.
11:27 of 1st period - Johan Franzen is hit by Marc-Andre Bergeron and loses puck.
13:11 of 1st period - Shot by Johan Franzen.
13:11 of 1st period - Deflect By Jason Arnott.
13:11 of 1st period - Shot Misses the Net.
13:15 of 1st period - Shot by Johan Franzen.
13:15 of 1st period - Shot Blocked by Rostislav Klesla.
13:17 of 1st period - Shot by Vladimir Sobotka.
13:17 of 1st period - Stopped by Tomas Vokoun without a rebound.
13:18 of 1st period - Mike Santorelli wins face-off versus Marc Savard in Flyers zone.
13:23 of 1st period - Johnny Boychuk is hit by Pascal Dupuis and loses puck.
13:31 of 1st period - Minor Penalty to Pascal Dupuis for Interference.
13:32 of 1st period - Mike Ribeiro wins face-off versus Mike Santorelli in Flyers zone.
13:51 of 1st period - Icing by Shane Doan.
13:52 of 1st period - Mike Ribeiro wins face-off versus John Madden in Sharks zone.
14:49 of 1st period - Off-side.
14:50 of 1st period - John Madden wins face-off versus Mike Ribeiro in neutral zone.
16:31 of 1st period - Minor Penalty to Bryan McCabe for Cross-checking.
16:32 of 1st period - Brendan Morrison wins face-off versus Eric Belanger in Sharks zone.
16:37 of 1st period - Shot by Ilya Kovalchuk.
16:37 of 1st period - Stopped by Brian Elliott without a rebound.
16:38 of 1st period - Eric Belanger wins face-off versus Ilya Kovalchuk in Sharks zone.
16:38 of 1st period - Eric Belanger is hit by Nikolai Kulemin.
16:46 of 1st period - Shot by Chris Pronger.
16:46 of 1st period - Stopped by Brian Elliott without a rebound.
16:47 of 1st period - Eric Belanger wins face-off versus Brendan Morrison in Sharks zone.
17:40 of 1st period - Shot by Brad Boyes.
17:40 of 1st period - Stopped by Brian Elliott without a rebound.
17:41 of 1st period - Tim Connolly wins face-off versus Eric Belanger in Sharks zone.
18:27 of 1st period - Off-side.
18:28 of 1st period - Brendan Morrison wins face-off versus Mike Ribeiro in neutral zone.
18:49 of 1st period - Shot by Marc Savard.
18:49 of 1st period - Deflect By David Moss.
18:49 of 1st period - Shot Misses the Net.
18:53 of 1st period - Shot by Vladimir Sobotka.
18:53 of 1st period - Stopped by Tomas Vokoun with a rebound.
18:57 of 1st period - Shot by Vladimir Sobotka.
18:57 of 1st period - Goal by Vladimir Sobotka - Sharks : 2 - Flyers : 0.
18:58 of 1st period - Jason Arnott wins face-off versus John Madden in neutral zone.
19:55 of 1st period - Shot by Ilya Kovalchuk.
19:55 of 1st period - Shot Misses the Net.
19:59 of 1st period - Shot by Chris Pronger.
19:59 of 1st period - Shot Misses the Net.

Period #2

0:01 of 2nd period - Brendan Morrison wins face-off versus Mike Ribeiro in neutral zone.
0:19 of 2nd period - Shot by Mike Ribeiro.
0:19 of 2nd period - Stopped by Tomas Vokoun with a rebound.
0:21 of 2nd period - Shot by Shane Doan.
0:21 of 2nd period - Goal by Shane Doan - Sharks : 3 - Flyers : 0.
0:22 of 2nd period - Tim Connolly wins face-off versus Jason Arnott in neutral zone.
0:26 of 2nd period - Icing by Andrew Ference.
0:27 of 2nd period - Johan Franzen wins face-off versus Mike Santorelli in Sharks zone.
0:31 of 2nd period - Bryan McCabe is hit by Pascal Dupuis.
0:59 of 2nd period - Shot by Johan Franzen.
0:59 of 2nd period - Stopped by Tomas Vokoun with a rebound.
1:01 of 2nd period - Shot by Jason Arnott.
1:01 of 2nd period - Stopped by Tomas Vokoun without a rebound.
1:02 of 2nd period - Mike Ribeiro wins face-off versus Brendan Morrison in Flyers zone.
1:05 of 2nd period - Shot by Shane Doan.
1:05 of 2nd period - Shot Misses the Net.
1:14 of 2nd period - Rostislav Klesla is hit by Johnny Boychuk and loses puck.
1:16 of 2nd period - Minor Penalty to Johnny Boychuk for Slashing.
1:17 of 2nd period - Tim Connolly wins face-off versus Mike Ribeiro in Sharks zone.
1:20 of 2nd period - Shot by Justin Williams.
1:20 of 2nd period - Stopped by Brian Elliott without a rebound.
1:21 of 2nd period - Tim Connolly wins face-off versus Eric Belanger in Sharks zone.
1:59 of 2nd period - Icing by Ladislav Smid.
2:00 of 2nd period - Eric Belanger wins face-off versus Justin Williams in Flyers zone.
2:39 of 2nd period - Shot by Marc-Andre Bergeron.
2:39 of 2nd period - Shot Misses the Net.
2:43 of 2nd period - Shot by Nikolai Kulemin.
2:43 of 2nd period - Shot Misses the Net.
2:47 of 2nd period - Shot by Brendan Morrison.
2:47 of 2nd period - Stopped by Brian Elliott without a rebound.
2:48 of 2nd period - Brendan Morrison wins face-off versus Eric Belanger in Sharks zone.
3:09 of 2nd period - Shot by Chris Pronger.
3:09 of 2nd period - Deflect By Ilya Kovalchuk.
3:09 of 2nd period - Shot Misses the Net.
3:18 of 2nd period - Ilya Kovalchuk is hit by Matt Niskanen and loses puck.
3:21 of 2nd period - Shot by Pascal Dupuis.
3:21 of 2nd period - Stopped by Brian Elliott without a rebound.
3:22 of 2nd period - Marc Savard wins face-off versus Mike Santorelli in Sharks zone.
3:40 of 2nd period - Minor Penalty to Vladimir Sobotka for Hooking.
3:41 of 2nd period - Mike Ribeiro wins face-off versus Tim Connolly in Sharks zone.
4:37 of 2nd period - Off-side.
4:38 of 2nd period - Brendan Morrison wins face-off versus Mike Ribeiro in neutral zone.
5:50 of 2nd period - Icing by Andreas Lilja.
5:51 of 2nd period - Mike Santorelli wins face-off versus Marc Savard in Flyers zone.
5:51 of 2nd period - Pascal Dupuis is hit by Vladimir Sobotka.
6:01 of 2nd period - Minor Penalty to Matt Niskanen for Holding.
6:02 of 2nd period - Brendan Morrison wins face-off versus Eric Belanger in Sharks zone.
7:31 of 2nd period - Shot by Randy Jones.
7:31 of 2nd period - Stopped by Brian Elliott with a rebound.
7:33 of 2nd period - Shot by Ilya Kovalchuk.
7:33 of 2nd period - Stopped by Brian Elliott without a rebound.
7:34 of 2nd period - Eric Belanger wins face-off versus Tim Connolly in Sharks zone.
7:34 of 2nd period - Eric Belanger is hit by Tim Connolly.
8:12 of 2nd period - Minor Penalty to Pascal Dupuis for Hooking.
8:13 of 2nd period - Jason Arnott wins face-off versus John Madden in Flyers zone.
8:18 of 2nd period - Shot by Johan Franzen.
8:18 of 2nd period - Shot Misses the Net.
8:20 of 2nd period - Shot by Alex Tanguay.
8:20 of 2nd period - Shot Misses the Net.
8:24 of 2nd period - Shot by Alex Tanguay.
8:24 of 2nd period - Shot Misses the Net.
9:12 of 2nd period - Shot by Marc-Andre Bergeron.
9:12 of 2nd period - Shot Misses the Net.
9:15 of 2nd period - Icing by Ian White.
9:16 of 2nd period - Mike Ribeiro wins face-off versus Mike Santorelli in Sharks zone.
9:52 of 2nd period - Off-side.
9:53 of 2nd period - John Madden wins face-off versus Mike Ribeiro in neutral zone.
9:53 of 2nd period - John Madden is hit by Shane Doan.
10:38 of 2nd period - Shot by Matt Niskanen.
10:38 of 2nd period - Shot Misses the Net.
11:09 of 2nd period - Icing by Matt Niskanen.
11:10 of 2nd period - Mike Santorelli wins face-off versus Marc Savard in Sharks zone.
11:13 of 2nd period - Shot by Dustin Penner.
11:13 of 2nd period - Deflect By Pascal Dupuis.
11:13 of 2nd period - Stopped by Brian Elliott without a rebound.
11:14 of 2nd period - Mike Santorelli wins face-off versus Jason Arnott in Sharks zone.
11:23 of 2nd period - Shot by Pascal Dupuis.
11:23 of 2nd period - Shot Misses the Net.
11:35 of 2nd period - Shot by Jason Arnott.
11:35 of 2nd period - Shot Misses the Net.
11:39 of 2nd period - Shot by Johan Franzen.
11:39 of 2nd period - Deflect By Alex Tanguay.
11:39 of 2nd period - Stopped by Tomas Vokoun without a rebound.
11:40 of 2nd period - Brendan Morrison wins face-off versus Eric Belanger in Flyers zone.
11:40 of 2nd period - Brendan Morrison is hit by Jannik Hansen.
11:52 of 2nd period - Shot by Ilya Kovalchuk.
11:52 of 2nd period - Shot Misses the Net.
11:54 of 2nd period - Shot by Brendan Morrison.
11:54 of 2nd period - Shot Misses the Net.
11:56 of 2nd period - Shot by Rostislav Klesla.
11:56 of 2nd period - Shot Misses the Net.
11:57 of 2nd period - Minor Penalty to Mark Stuart for Hooking.
11:58 of 2nd period - Tim Connolly wins face-off versus Eric Belanger in Sharks zone.
12:21 of 2nd period - Shot by Brad Boyes.
12:21 of 2nd period - Stopped by Brian Elliott without a rebound.
12:22 of 2nd period - Mike Ribeiro wins face-off versus Brendan Morrison in Sharks zone.
12:57 of 2nd period - Shot by Nikolai Kulemin.
12:57 of 2nd period - Stopped by Brian Elliott without a rebound.
12:58 of 2nd period - Eric Belanger wins face-off versus Tim Connolly in Sharks zone.
13:09 of 2nd period - Shot by Rostislav Klesla.
13:09 of 2nd period - Shot Misses the Net.
13:11 of 2nd period - Shot by Ladislav Smid.
13:11 of 2nd period - Stopped by Brian Elliott without a rebound.
13:12 of 2nd period - Tim Connolly wins face-off versus Mike Ribeiro in Sharks zone.
14:24 of 2nd period - Johan Franzen is hit by Pascal Dupuis and loses puck.
16:00 of 2nd period - Icing by Chris Pronger.
16:01 of 2nd period - Nikolai Kulemin wins face-off versus Jason Arnott in Flyers zone.
16:20 of 2nd period - Shot by Johan Franzen.
16:20 of 2nd period - Stopped by Tomas Vokoun without a rebound.
16:21 of 2nd period - Marc Savard wins face-off versus Tim Connolly in Flyers zone.
16:23 of 2nd period - Minor Penalty to Ladislav Smid for Slashing.
16:24 of 2nd period - Mike Santorelli wins face-off versus Mike Ribeiro in Flyers zone.
16:41 of 2nd period - Shot by Shane Doan.
16:41 of 2nd period - Shot Misses the Net.
16:46 of 2nd period - Shane Doan is hit by Marc-Andre Bergeron and loses puck.
16:54 of 2nd period - Shot by Shane Doan.
16:54 of 2nd period - Shot Misses the Net.
18:31 of 2nd period - Shot by Vladimir Sobotka.
18:31 of 2nd period - Shot Blocked by Ladislav Smid.
18:35 of 2nd period - Shot by Marc Savard.
18:35 of 2nd period - Goal by Marc Savard - Sharks : 4 - Flyers : 0.
18:35 of 2nd period - Al Montoya enters game.
18:36 of 2nd period - Eric Belanger wins face-off versus Tim Connolly in neutral zone.
19:35 of 2nd period - Minor Penalty to Chris Pronger for Roughing.
19:35 of 2nd period - Minor Penalty to David Moss for Hooking.
19:36 of 2nd period - Jason Arnott wins face-off versus Nikolai Kulemin in Flyers zone.
19:53 of 2nd period - Shot by Brad Boyes.
19:53 of 2nd period - Shot Blocked by Bryan McCabe.

Period #3

0:01 of 3rd period - Mike Ribeiro wins face-off versus Nikolai Kulemin in neutral zone.
0:27 of 3rd period - Shot by Johnny Boychuk.
0:27 of 3rd period - Deflect By Shane Doan.
0:27 of 3rd period - Stopped by Al Montoya without a rebound.
0:28 of 3rd period - Tim Connolly wins face-off versus Jason Arnott in Flyers zone.
0:32 of 3rd period - Off-side.
0:33 of 3rd period - Jason Arnott wins face-off versus Tim Connolly in neutral zone.
0:51 of 3rd period - Minor Penalty to Justin Williams for High sticking.
0:52 of 3rd period - Mike Ribeiro wins face-off versus David Steckel in Flyers zone.
1:27 of 3rd period - Icing by Mike Ribeiro.
1:28 of 3rd period - Mike Ribeiro wins face-off versus John Madden in Sharks zone.
1:28 of 3rd period - Mike Ribeiro is hit by Andreas Lilja.
1:42 of 3rd period - Shot by Alex Tanguay.
1:42 of 3rd period - Shot Blocked by Andreas Lilja.
1:44 of 3rd period - Shot by Alex Tanguay.
1:44 of 3rd period - Shot Blocked by John Madden.
1:46 of 3rd period - Shot by Alex Tanguay.
1:46 of 3rd period - Shot Blocked by Rostislav Klesla.
1:50 of 3rd period - Shot by Bryan McCabe.
1:50 of 3rd period - Shot Misses the Net.
1:54 of 3rd period - Shot by Johan Franzen.
1:54 of 3rd period - Deflect By Alex Tanguay.
1:54 of 3rd period - Shot Misses the Net.
1:56 of 3rd period - Shot by Johan Franzen.
1:56 of 3rd period - Goal by Johan Franzen - Sharks : 5 - Flyers : 0.
1:57 of 3rd period - Tim Connolly wins face-off versus Eric Belanger in neutral zone.
2:36 of 3rd period - Icing by Tim Connolly.
2:37 of 3rd period - Tim Connolly wins face-off versus Jason Arnott in Flyers zone.
2:37 of 3rd period - Tim Connolly is hit by Johan Franzen.
2:59 of 3rd period - Shot by Johan Franzen.
2:59 of 3rd period - Shot Misses the Net.
3:02 of 3rd period - Icing by Randy Jones.
3:03 of 3rd period - Mike Santorelli wins face-off versus Marc Savard in Flyers zone.
3:12 of 3rd period - Shot by Andreas Lilja.
3:12 of 3rd period - Shot Blocked by David Moss.
3:20 of 3rd period - Shot by Johnny Boychuk.
3:20 of 3rd period - Shot Blocked by Andreas Lilja.
3:22 of 3rd period - Shot by Vladimir Sobotka.
3:22 of 3rd period - Stopped by Al Montoya without a rebound.
3:23 of 3rd period - Brendan Morrison wins face-off versus Jason Arnott in Flyers zone.
3:25 of 3rd period - Icing by Chris Pronger.
3:26 of 3rd period - Jason Arnott wins face-off versus Brendan Morrison in Flyers zone.
4:14 of 3rd period - Icing by Rostislav Klesla.
4:15 of 3rd period - Marc Savard wins face-off versus Brendan Morrison in Flyers zone.
4:25 of 3rd period - Icing by Rostislav Klesla.
4:26 of 3rd period - Eric Belanger wins face-off versus Ilya Kovalchuk in Flyers zone.
5:03 of 3rd period - Shot by Lauri Korpikoski.
5:03 of 3rd period - Deflect By Eric Belanger.
5:03 of 3rd period - Stopped by Al Montoya with a rebound.
5:45 of 3rd period - Shot by Johnny Boychuk.
5:45 of 3rd period - Stopped by Al Montoya without a rebound.
5:46 of 3rd period - Jason Arnott wins face-off versus John Madden in Flyers zone.
6:13 of 3rd period - Shot by Jason Arnott.
6:13 of 3rd period - Stopped by Al Montoya without a rebound.
6:14 of 3rd period - Tim Connolly wins face-off versus Mike Ribeiro in Flyers zone.
8:27 of 3rd period - Shot by Ilya Kovalchuk.
8:27 of 3rd period - Deflect By Brendan Morrison.
8:27 of 3rd period - Shot Blocked by Andrew Ference.
8:29 of 3rd period - Shot by Rostislav Klesla.
8:29 of 3rd period - Goal by Rostislav Klesla - Sharks : 5 - Flyers : 1.
8:30 of 3rd period - Marc Savard wins face-off versus Justin Williams in neutral zone.
9:37 of 3rd period - Shot by Lauri Korpikoski.
9:37 of 3rd period - Shot Misses the Net.
9:39 of 3rd period - Shot by Eric Belanger.
9:39 of 3rd period - Stopped by Al Montoya without a rebound.
9:40 of 3rd period - Mike Ribeiro wins face-off versus Brendan Morrison in Flyers zone.
9:53 of 3rd period - Shot by Nikolai Kulemin.
9:53 of 3rd period - Stopped by Brian Elliott with a rebound.
10:06 of 3rd period - Off-side.
10:07 of 3rd period - John Madden wins face-off versus Eric Belanger in neutral zone.
10:25 of 3rd period - Shot by John Madden.
10:25 of 3rd period - Stopped by Brian Elliott without a rebound.
10:26 of 3rd period - Pascal Dupuis wins face-off versus Marc Savard in Sharks zone.
10:50 of 3rd period - Eric Belanger is hit by Chris Pronger and loses puck.
11:25 of 3rd period - Ian White is hit by Pascal Dupuis and loses puck.
11:49 of 3rd period - Johan Franzen is hit by Chris Pronger.
11:55 of 3rd period - Shot by Johan Franzen.
11:55 of 3rd period - Shot Misses the Net.
11:59 of 3rd period - Shot by Alex Tanguay.
11:59 of 3rd period - Shot Misses the Net.
12:03 of 3rd period - Shot by Johan Franzen.
12:03 of 3rd period - Shot Misses the Net.
12:05 of 3rd period - Shot by Johan Franzen.
12:05 of 3rd period - Shot Misses the Net.
12:30 of 3rd period - Shot by Eric Belanger.
12:30 of 3rd period - Shot Misses the Net.
12:32 of 3rd period - Shot by Lauri Korpikoski.
12:32 of 3rd period - Shot Misses the Net.
12:41 of 3rd period - Icing by Randy Jones.
12:42 of 3rd period - Marc Savard wins face-off versus Mike Santorelli in Flyers zone.
14:03 of 3rd period - Shot by Justin Williams.
14:03 of 3rd period - Stopped by Brian Elliott without a rebound.
14:04 of 3rd period - Jason Arnott wins face-off versus John Madden in Sharks zone.
14:22 of 3rd period - Off-side.
14:23 of 3rd period - Marc Savard wins face-off versus John Madden in neutral zone.
15:42 of 3rd period - Jannik Hansen is hit by Nikolai Kulemin and loses puck.
16:04 of 3rd period - Icing by Andrew Ference.
16:05 of 3rd period - Brendan Morrison wins face-off versus Jason Arnott in Sharks zone.
16:14 of 3rd period - Shot by Brendan Morrison.
16:14 of 3rd period - Stopped by Brian Elliott without a rebound.
16:15 of 3rd period - Jason Arnott wins face-off versus David Steckel in Sharks zone.
16:15 of 3rd period - Jason Arnott is hit by David Steckel.
16:21 of 3rd period - Shot by Ilya Kovalchuk.
16:21 of 3rd period - Stopped by Brian Elliott without a rebound.
16:22 of 3rd period - Marc Savard wins face-off versus John Madden in Sharks zone.
16:41 of 3rd period - Shot by Brad Boyes.
16:41 of 3rd period - Stopped by Brian Elliott with a rebound.
16:43 of 3rd period - Shot by Rostislav Klesla.
16:43 of 3rd period - Shot Blocked by Andrew Ference.
16:45 of 3rd period - Shot by Brad Boyes.
16:45 of 3rd period - Stopped by Brian Elliott without a rebound.
16:46 of 3rd period - Eric Belanger wins face-off versus Brendan Morrison in Sharks zone.
17:04 of 3rd period - Shot by Ilya Kovalchuk.
17:04 of 3rd period - Stopped by Brian Elliott with a rebound.
17:06 of 3rd period - Shot by Ilya Kovalchuk.
17:06 of 3rd period - Goal by Ilya Kovalchuk - Sharks : 5 - Flyers : 2.
17:07 of 3rd period - Brendan Morrison wins face-off versus Alex Tanguay in neutral zone.
17:25 of 3rd period - Shot by Johan Franzen.
17:25 of 3rd period - Stopped by Al Montoya with a rebound.
17:27 of 3rd period - Shot by Jason Arnott.
17:27 of 3rd period - Shot Blocked by Andreas Lilja.
17:29 of 3rd period - Shot by Johan Franzen.
17:29 of 3rd period - Shot Misses the Net.
17:33 of 3rd period - Shot by Alex Tanguay.
17:33 of 3rd period - Stopped by Al Montoya without a rebound.
17:34 of 3rd period - Marc Savard wins face-off versus Tim Connolly in Flyers zone.
18:12 of 3rd period - Icing by Johnny Boychuk.
18:13 of 3rd period - Marc Savard wins face-off versus John Madden in Sharks zone.
18:48 of 3rd period - Icing by Lauri Korpikoski.
18:49 of 3rd period - Eric Belanger wins face-off versus Mike Santorelli in Sharks zone.
18:49 of 3rd period - Lauri Korpikoski is hit by Dustin Penner and loses puck.
19:08 of 3rd period - Shot by Dustin Penner.
19:08 of 3rd period - Stopped by Brian Elliott without a rebound.
19:09 of 3rd period - Jason Arnott wins face-off versus Brendan Morrison in Sharks zone.


Output by the SimonT Hockey Simulator (STHS) for Stephane Roy -- Original Page W3C XHTML 1.0 Valid